 Dungeon Crawl Stone Soup version 0.17.1-2-g5865329 (webtiles) character file.

22533 Lonerover the Fighter (level 12, -3/118 HPs)
             Began as a Minotaur Fighter on Feb 3, 2016.
             Was the Champion of Okawaru.
             Slain by a nine-headed hydra (4 damage)
             ... on level 5 of the Lair of Beasts on Feb 4, 2016.
             The game lasted 00:56:25 (13083 turns).

Lonerover the Fighter (Minotaur Fighter)           Turns: 13083, Time: 00:56:32

Health: -3/118     AC: 32    Str: 26    XL:     12   Next: 63%
Magic:  13/13      EV:  5    Int:  9    God:    Okawaru [******]
Gold:   1321       SH:  0    Dex:  8    Spells: 0 memorised, 11 levels left

rFire  + . .     SeeInvis .     W - +5 battleaxe (chop)
rCold  + . .     Clarity  .     a - +5 crystal plate armour of Ulenlel {rPois}
rNeg   . . .     SustAt   +     (shield currently unavailable)
rPois  +         Gourm    .     (helmet unavailable)
rElec  .         Spirit   .     n - +0 cloak
rCorr  +         Warding  .     b - +2 pair of gloves "Xoang" {rCorr Int+4}
rMut   .         Stasis   .     N - +0 pair of boots
MR     .....                    q - amulet of resist corrosion
Stlth  ..........               v - ring of protection from fire
                                Z - ring of sustain attributes

@: very slightly contaminated, not resistant to hostile enchantments, extremely
unstealthy
A: retaliatory headbutt, horns 3, talons 1, clumsy 1, cold resistance 1, low mp
1
a: Heroism, Finesse, Renounce Religion


You were on level 5 of the Lair of Beasts.
You worshipped Okawaru.
Okawaru was exalted by your worship.
You were not hungry.

You visited 4 branches of the dungeon, and saw 15 of its levels.
You also visited: Ossuary and Volcano.

You collected 1321 gold pieces.

Inventory:

Hand Weapons
 W - a +5 battleaxe of chopping (weapon)
Armour
 a - the +5 crystal plate armour of Ulenlel (worn) {rPois}
   (You acquired it on level 3 of the Lair of Beasts)

   It protects you from poison.
 b - the +2 pair of gloves "Xoang" (worn) {rCorr Int+4}
   (You found it on level 4 of the Lair of Beasts)

   It affects your intelligence (+4).
   It protects you from acid and corrosion.
 n - a +0 cloak (worn)
 N - a +0 pair of boots (worn)
 S - a steam dragon hide
Jewellery
 q - an amulet of resist corrosion (around neck)
 v - a ring of protection from fire (right hand)
 G - an uncursed ring of invisibility
 P - an uncursed ring of protection from cold
 Z - a ring of sustain attributes (left hand)
Wands
 f - a wand of confusion (36)
 r - a wand of paralysis (13)
 s - a wand of digging (24)
 t - a wand of paralysis (15)
 x - a wand of frost (14)
 y - a wand of magic darts (26)
 U - a wand of draining (13)
 X - a wand of random effects (25)
Scrolls
 l - 4 scrolls of recharging
 m - 3 scrolls of teleportation
 u - 7 scrolls of remove curse
 C - 3 scrolls of fog
 E - 2 scrolls of immolation
 L - 8 scrolls of identify
Potions
 d - 4 potions of might
 A - a potion of heal wounds
 B - 2 potions of berserk rage
 D - 3 potions of brilliance
 H - a potion of flight
 I - a potion of agility
 K - a potion of cure mutation
 Q - a potion of haste
 V - a potion of curing
Comestibles
 e - 11 bread rations
 g - 2 slices of pizza
 h - 4 beef jerkies
 k - 4 meat rations
 o - 8 fruits


   Skills:
 * Level 14.4 Fighting
 * Level 14.3 Axes
 + Level 11.1 Armour
   Level 9.9 Shields
 + Level 5.5 Invocations


You had 11 spell levels left.
You didn't know any spells.

Dungeon Overview and Level Annotations

Branches:
Dungeon (8/15)             Temple (1/1) D:7            Lair (5/8) D:8
  Swamp (1/4) Lair:5        Snake (0/4) Lair:5

Altars:
Ashenzari
Cheibriados
Dithmenos
Elyvilon
Fedhas
Gozag
Kikubaaqudgha
Makhleb
Nemelex Xobeh
Okawaru
Qazlal
Ru
Sif Muna
Trog
Vehumet
Xom
Yredelemnul
Zin
The Shining One

Shops:
D:6 (


Innate Abilities, Weirdness & Mutations

You reflexively headbutt those who attack you in melee.
You have a pair of large horns on your head.
You have sharp toenails.
You are clumsy. (Dex -2)
Your flesh is cold resistant.
Your magical capacity is low (-10% MP).


Message History

The alligator barely misses you.
Welcome back, Lonerover the Minotaur Fighter.
Okawaru says: Bring me glory in combat!
Press ? for a list of commands and other information.
Zapping:
X - a wand of random effects (will waste charges)
Press: ? - help, Shift-Dir - straight line, f - nine-headed hydra
Aim: a nine-headed hydra (thin mist, water, lightly wounded)
You hear a mighty clap of thunder!
The bolt of lightning hits the nine-headed hydra.
The nine-headed hydra is moderately wounded.
Evoking this partially-identified wand wasted a few charges.
The nine-headed hydra bites you but does no damage.
The nine-headed hydra bites you!
* * * LOW HITPOINT WARNING * * *
The nine-headed hydra bites you but does no damage.
The nine-headed hydra bites you!
* * * LOW HITPOINT WARNING * * *
The nine-headed hydra bites you but does no damage. x3
The nine-headed hydra bites you.
You die...

##..P.###..........##.#..........
##.....#.......P#..###...........
#...P.[#...P.......###...P..P..#.
##..........#..≈♣..##....###...#.
#..........#..♣♣♣♣..###..####..#P
##..........#.♣≈≈≈♣.###...###....
#......[..#≈♣♣≈≈≈≈♣≈##..###P....
#.........#.≈≈≈≈t≈≈≈##...##...<.
#...........≈≈§@≈≈≈.....###.....
#...........≈≈D≈≈≈≈.......#..<..
##....<......♣≈≈§≈≈..##..P.##....
...........P..♣♣≈≈≈.PP#...P.....#
..............♣♣≈♣.P...........P.
#...............♣...P##..........
##...................##..PP#.....
##.........##...#..##.#....##....
#..........P#..#...##.....##P...#


You could see an alligator and a nine-headed hydra.

Vanquished Creatures
  Fannar (Lair:1)
  A hydra (Lair:3)
  Nergalle (Lair:1)
  A lindwurm (Lair:2)
  A salamander (shapeshifter) (D:7)
  3 black mambas
  A toenail golem (Volcano)
  2 gargoyles (Volcano)
  A molten gargoyle (Volcano)
  2 torpor snails
  9 spiny frogs
  6 komodo dragons
  8 blink frogs
  The ghost of Uhlv the Skirmisher, an amateur HOFi (D:5)
  2 fire elementals (Volcano)
  A wyvern (Lair:5)
  14 yaks
  6 hippogriffs
  4 wolves (Lair:1)
  11 water moccasins
  5 porcupines
  A swamp drake (Swamp:1)
  4 ice beasts
  An orc warrior (D:7)
  2 phantoms
  3 sky beasts
  25 crocodiles
  3 ogres
  2 big kobolds
  14 giant frogs
  3 scorpions
  2 giant frog zombies (D:7)
  3 orc wizards
  4 jellies
  Crazy Yiuf (D:4)
  2 centaur skeletons (D:7)
  2 quasits (D:7)
  16 iguanas
  A hound (D:5)
  6 worker ants
  7 sheep (Lair:4)
  A hound zombie (D:5)
  A hound skeleton (D:8)
  8 mummies (Ossuary)
  9 adders
  31 river rats
  A shadow imp (D:7)
  4 oozes
  3 adder skeletons
  11 giant geckos
  9 orcs
  2 ball pythons (D:2)
  8 giant cockroaches
  A gnoll zombie (Ossuary)
  5 hobgoblins
  4 jackals
  14 kobolds
  A quokka (D:7)
  5 bats
  A giant gecko skeleton (D:7)
  10 giant newts
  3 goblins
  A hobgoblin zombie (Ossuary)
  2 kobold zombies (Ossuary)
  4 orc zombies (Ossuary)
  2 quokka zombies (D:6)
  4 rats
  2 rat zombies (D:8)
  A fire vortex (Volcano)
  4 fungi
335 creatures vanquished.

Vanquished Creatures (others)
  A bush (Lair:1)
  2 fire vortices (Volcano)
  2 fungi (Lair:4)
  5 plants
10 creatures vanquished.

Grand Total: 345 creatures vanquished

Notes
Turn   | Place    | Note
--------------------------------------------------------------
     0 | D:1      | Lonerover the Minotaur Fighter began the quest for the Orb.
     0 | D:1      | Reached XP level 1. HP: 19/19 MP: 0/0
   162 | D:1      | Reached XP level 2. HP: 21/27 MP: 1/1
   318 | D:1      | Reached skill level 7 in Fighting
   318 | D:1      | Reached skill level 5 in Armour
   318 | D:1      | Reached skill level 5 in Shields
   318 | D:1      | Reached XP level 3. HP: 30/39 MP: 1/4
   758 | D:2      | Found a shadowy altar of Dithmenos.
   902 | D:2      | Reached XP level 4. HP: 45/47 MP: 5/5
  1549 | D:4      | Noticed an ogre
  1554 | D:4      | Killed an ogre
  1554 | D:4      | Reached XP level 5. HP: 52/52 MP: 6/6
  1580 | D:4      | Noticed Crazy Yiuf
  1591 | D:4      | Killed Crazy Yiuf
  1675 | D:4      | Found a bloodstained altar of Trog.
  1680 | D:4      | Noticed an ogre
  1693 | D:4      | Killed an ogre
  1693 | D:4      | Reached XP level 6. HP: 15/60 MP: 7/7
  2470 | D:5      | Entered Level 5 of the Dungeon
  2530 | D:5      | Noticed Uhlv's ghost (amateur HOFi)
  2546 | D:5      | Killed Uhlv's ghost
  2546 | D:5      | Reached skill level 8 in Fighting
  2546 | D:5      | Reached XP level 7. HP: 59/68 MP: 8/8
  2581 | D:5      | Gained mutation: Your flesh is cold resistant. [mutagenic meat]
  2582 | D:5      | Gained mutation: You are frail (-10% HP). [mutagenic meat]
  2705 | D:5      | Found a shimmering altar of Xom.
  3019 | D:6      | Found a radiant altar of Vehumet.
  3141 | D:6      | Reached XP level 8. HP: 44/69 MP: 9/9
  3243 | D:6      | Gained mutation: You have a pair of large horns on your head. [mutagenic meat]
  3244 | D:6      | Gained mutation: You have sharp toenails. [mutagenic meat]
  3245 | D:6      | Lost mutation: You are frail (-10% HP). [mutagenic meat]
  3246 | D:6      | Gained mutation: You are clumsy. (Dex -2) [mutagenic meat]
  3248 | D:6      | Gained mutation: Your magical capacity is low (-10% MP). [mutagenic meat]
  3269 | D:6      | Reached skill level 9 in Fighting
  3290 | D:6      | Found a sand-covered staircase.
  3304 | Ossuary  | Entered an ossuary
  3673 | D:6      | Found Suymakh's Weapon Shoppe.
  4074 | D:7      | Found a shimmering altar of Xom.
  4113 | D:7      | Found a staircase to the Ecumenical Temple.
  4139 | Temple   | Entered the Ecumenical Temple
  4218 | Temple   | Became a worshipper of Warmaster Okawaru
  4344 | D:7      | Reached XP level 9. HP: 85/85 MP: 9/9
  4363 | D:7      | Noticed a salamander
  4375 | D:7      | Killed a salamander
  4375 | D:7      | Reached skill level 10 in Fighting
  4468 | D:7      | Reached * piety under Okawaru
  4624 | D:7      | Found a sacrificial altar of Ru.
  4624 | D:7      | Found a snail-covered altar of Cheibriados.
  4625 | D:7      | Found a blossoming altar of Fedhas.
  4928 | D:8      | Reached skill level 10 in Axes
  5114 | D:8      | Found a shadowy altar of Dithmenos.
  5326 | D:8      | Found a staircase to the Lair.
  5482 | D:8      | Reached ** piety under Okawaru
  5552 | D:8      | Found an ancient bone altar of Kikubaaqudgha.
  5623 | Lair:1   | Entered Level 1 of the Lair of Beasts
  5626 | Lair:1   | Noticed a komodo dragon
  5633 | Lair:1   | Killed a komodo dragon
  5639 | Lair:1   | Reached XP level 10. HP: 44/94 MP: 10/10
  5712 | Lair:1   | Reached skill level 11 in Fighting
  6132 | Lair:1   | Reached *** piety under Okawaru
  6497 | Lair:1   | Noticed a spiny frog
  6502 | Lair:1   | Killed a spiny frog
  6546 | Lair:1   | Noticed a komodo dragon
  6554 | Lair:1   | Killed a komodo dragon
  6995 | Lair:1   | Noticed Fannar
  7027 | Lair:1   | Killed Fannar
  7027 | Lair:1   | Reached **** piety under Okawaru
  7044 | Lair:1   | Noticed a spiny frog
  7051 | Lair:1   | Killed a spiny frog
  7051 | Lair:1   | Reached skill level 12 in Fighting
  7059 | Lair:1   | Noticed Nergalle
  7064 | Lair:1   | Noticed a spectral orc warlord
  7075 | Lair:1   | Killed Nergalle
  7075 | Lair:1   | Reached XP level 11. HP: 27/104 MP: 11/11
  7674 | Lair:2   | Noticed a black mamba
  7684 | Lair:2   | Killed a black mamba
  7969 | Lair:2   | Reached ***** piety under Okawaru
  8248 | Lair:2   | Found a dark tunnel.
  8248 | Lair:2   | Noticed a lindwurm
  8259 | Lair:2   | Killed a lindwurm
  8268 | Volcano  | Entered a volcano
  8441 | Volcano  | Noticed a lindwurm
  8475 | Volcano  | Reached skill level 10 in Armour
  9031 | Lair:2   | Reached skill level 13 in Fighting
  9915 | Lair:3   | Received a gift from Okawaru
 10457 | Lair:3   | Noticed a seven-headed hydra
 10466 | Lair:3   | Killed a ten-headed hydra
 10508 | Lair:3   | Reached XP level 12. HP: 70/115 MP: 12/12
 10992 | Lair:3   | Identified a scroll of acquirement
 10995 | Lair:3   | Got a bloodstained crystal plate armour
 11006 | Lair:3   | Identified the +5 crystal plate armour of Ulenlel {rPois} (You acquired it on level 3 of the Lair of Beasts)
 11577 | Lair:4   | Got a pair of scorched gloves
 11583 | Lair:4   | Identified the +2 pair of gloves "Xoang" {rCorr Int+4} (You found it on level 4 of the Lair of Beasts)
 11601 | Lair:4   | Reached skill level 5 in Invocations
 11615 | Lair:4   | Reached ****** piety under Okawaru
 11653 | Lair:4   | Reached skill level 14 in Fighting
 11899 | Lair:4   | Received a gift from Okawaru
 12562 | Lair:5   | Found a staircase to the Swamp.
 12708 | Lair:5   | Found a staircase to the Snake Pit.
 13055 | Swamp:1  | Entered Level 1 of the Swamp
 13066 | Swamp:1  | Noticed an eight-headed hydra
 13083 | Lair:5   | HP: 1/118 [nine-headed hydra (8)]
 13083 | Lair:5   | Slain by a nine-headed hydra

Action                   |  1- 3 |  4- 6 |  7- 9 | 10-12 || total
-------------------------+-------+-------+-------+-------++-------
Melee: War axe           |    62 |    79 |   315 |   378 ||   834
       Battleaxe         |       |       |       |   257 ||   257
Invok: Heroism           |       |       |       |     1 ||     1
Evoke: Wand              |       |       |       |     2 ||     2
  Use: Potion            |     4 |     3 |     5 |     8 ||    20
       Scroll            |     3 |     6 |     5 |     9 ||    23
  Eat: Pizza             |       |     1 |       |       ||     1
       Chunk             |       |     3 |    11 |     7 ||    21
       Meat ration       |       |       |     2 |     1 ||     3
       Bread ration      |       |       |       |     2 ||     2
       Fruit             |       |       |       |     3 ||     3
       Royal jelly       |       |       |       |     1 ||     1
